 Dungeon Crawl Stone Soup version 0.25.0-1-g7eea58d2a3 (webtiles) character file.

Game seed: 3802267661376538368

1691 inmateoo the Insei (level 9, -2/73 HPs)
             Began as an Octopode Transmuter on June 13, 2020.
             Was a Believer of Cheibriados.
             Slain by a hornet (15 damage)
             ... on level 8 of the Dungeon.
             The game lasted 00:10:01 (6677 turns).

inmateoo the Insei (Octopode Transmuter)            Turns: 6677, Time: 00:10:01

Health: -2/73      AC:  6    Str: 13    XL:     9   Next: 2%
Magic:  12/15      EV: 11    Int: 23    God:    Cheibriados [**....]
Gold:   39         SH:  0    Dex: 16    Spells: 6/16 levels left

rFire    x . .     SeeInvis +     - Unarmed
rCold    + + +     Gourm    .   (shield currently unavailable)
rNeg     . . .     Faith    .   (helmet currently unavailable)
rPois    +         Spirit   .   f - amulet of regeneration
rElec    .         Reflect  .   d - ring of poison resistance
rCorr    .         Harm     .   C - ring "Janes" {rC+ SInv}
MR       .....                  (no ring)
Stlth    +.........             (no ring)
HPRegen  0.62/turn              (no ring)
MPRegen  0.14/turn              (no ring)
                                (no ring)
                                (no ring)

@: ice-form, slowed, very slow
A: large, almost no armour, stealthy swim, amphibious, 8 rings, (constrict 8)
a: End Transformation, Bend Time, Renounce Religion


You were on level 8 of the Dungeon.
You worshipped Cheibriados.
Cheibriados was pleased with you.
You were not hungry.
You were a creature of crystalline ice.
You visited 2 branches of the dungeon, and saw 9 of its levels.

You collected 333 gold pieces.
You spent 294 gold pieces at shops.

Inventory:

Missiles
 a - 116 arrows
 e - 37 poisoned darts
 m - 3 boomerangs (quivered)
Armour
 B - a +3 kite shield
Jewellery
 d - a ring of poison resistance (left front paw)
 f - an amulet of regeneration (around neck)
 w - an uncursed amulet of reflection {unknown}
 A - an uncursed ring of fire
 C - the ring "Janes" (right front paw) {rC+ SInv}
   (You found it on level 7 of the Dungeon)

   [ring of protection from cold]

   It protects you from cold.
   It lets you see invisible.
Wands
 u - a wand of flame (13)
 z - a wand of paralysis (1)
Scrolls
 h - a scroll of blinking
 j - 5 scrolls of teleportation
 l - 2 scrolls of remove curse
 n - a scroll of magic mapping
 o - 2 scrolls of fear
 p - 3 scrolls of enchant weapon
 y - a scroll of amnesia
Potions
 b - 4 potions of heal wounds
 g - 3 potions of stabbing
 i - 4 potions of magic {unknown}
 k - 2 potions of haste {unknown}
 q - 5 potions of curing
 r - a potion of resistance
 s - 4 potions of lignification
 t - a potion of brilliance {unknown}
 v - a potion of cancellation
 x - 3 potions of might
 D - a potion of flight
 E - a potion of invisibility
Comestibles
 c - 9 rations


   Skills:
 + Level 5.4 Fighting
 + Level 2.8 Dodging
 * Level 7.6 Unarmed Combat
 - Level 4.0 Spellcasting
 + Level 5.4 Transmutations


You had 6 spell levels left.
You knew the following spells:

 Your Spells              Type           Power        Failure   Level  Hunger
a - Beastly Appendage     Tmut           ####..       1%          1    None
b - Sticks to Snakes      Tmut           ####....     1%          2    #......
c - Spider Form           Tmut/Pois      ###.......   11%         3    ##.....
d - Ice Form              Ice/Tmut       ###.....     34%         4    ####...

Your spell library contained the following spells:

 Spells                   Type           Power        Failure   Level  Hunger
 Infusion                 Chrm           #...         11%         1    None
 Shroud of Golubria       Chrm/Tloc      #.....       16%         2    #......
 Song of Slaying          Chrm           #.......     16%         2    #......
 Ozocubu's Armour         Chrm/Ice       #.......     30%         3    ##.....
 Spectral Weapon          Hex/Chrm       #.......     30%         3    ##.....
 Blade Hands              Tmut           ####......   30%         5    ######.


Dungeon Overview and Level Annotations

Branches:
Dungeon (8/15)             Temple (1/1) D:4
   Lair: D:8-11

Altars:
Ashenzari
Cheibriados
Dithmenos
Elyvilon
Fedhas
Gozag
Hepliaklqana
Kikubaaqudgha
Makhleb
Nemelex Xobeh
Qazlal
Ru
Trog
Uskayaw
Vehumet
Wu Jian
Xom
Yredelemnul
Zin
The Shining One

Shops:
D:5 (   D:7 !


Innate Abilities, Weirdness & Mutations

You cannot wear most types of armour.
You are very stealthy in the water. (Stealth+)
You are amphibious.
You can wear up to eight rings at the same time.
((You can use your tentacles to constrict eight enemies at once.))
((Your skin changes colour to match your surroundings (Stealth+).))
((Your rubbery body absorbs attacks. (AC +1, EV +1)))


Message History

Unknown command.
Unknown command.
Unknown command.
Unknown command.
You hit the hornet but do no damage.
The hornet is heavily wounded.
You feel yourself speed up. The hornet stings you!
* * * LOW HITPOINT WARNING * * *
You feel yourself slow down.
Unknown command.
Unknown command.
Evoke which item? (* to show all) (? for menu, Esc to quit)
Aiming: Paralyse
Press: ? - help, Shift-Dir - straight line, f - hornet
Aim: a hornet (heavily wounded, chance to defeat MR: 37%)
The hornet easily resists.
The hornet stings you!
* * * LOW HITPOINT WARNING * * *
The hornet stings you!
You die...

######## #.#
#.# #####.#
#†## #<....#
#..# #########
#.## .[. #.#
#.# #.# #.#
#.# #y# #.#
#Y# #.# #.#
#.#
#.#########.##
#............#
#..###########
#..# #..# #..#
#..#


You could see a hornet.

Vanquished Creatures
  Grinder (D:6)
  Menkaure (D:7)
  A water moccasin (D:5)
  2 phantoms (D:7)
  An ogre (D:5)
  A necrophage (D:7)
  2 bullfrogs (D:6)
  4 wights (D:6)
  A crimson imp (D:5)
  2 orc priests
  3 hounds
  Crazy Yiuf (D:4)
  A centaur skeleton (D:5)
  Terence (D:3)
  An iguana (D:4)
  An orc wizard (D:5)
  4 worker ants
  A hound zombie (D:7)
  8 adders
  3 oozes
  An adder skeleton (D:5)
  5 dart slugs
  A leopard gecko (D:3)
  10 orcs
  A ball python (D:4)
  5 giant cockroaches
  4 hobgoblins
  7 kobolds
  2 quokkas (D:5)
  9 bats
  8 frilled lizards
  3 goblins (D:1)
  A quokka skeleton (D:6)
  3 rats
100 creatures vanquished.

Vanquished Creatures (collateral kills)
  Prince Ribbit (D:7)
1 creature vanquished.

Grand Total: 101 creatures vanquished

Notes
Turn   | Place    | Note
-------+----------+-------------------------------------------
     0 | D:1      | inmateoo the Octopode Transmuter began the quest for the
                  | Orb.
     0 | D:1      | Reached XP level 1. HP: 13/13 MP: 3/3
   244 | D:1      | Reached XP level 2. HP: 17/18 MP: 5/5
   556 | D:1      | Reached skill level 4 in Unarmed Combat
   666 | D:1      | Reached XP level 3. HP: 23/23 MP: 6/6
  1714 | D:3      | Learned a level 2 spell: Sticks to Snakes
  1718 | D:3      | Learned a level 3 spell: Spider Form
  1784 | D:3      | Reached XP level 4. HP: 9/28 MP: 3/7
  2230 | D:3      | Found a blossoming altar of Fedhas.
  2284 | D:3      | Reached skill level 5 in Unarmed Combat
  2353 | D:3      | Found a sacrificial altar of Ru.
  2353 | D:3      | Found a glowing silver altar of Zin.
  2442 | D:3      | Noticed Terence
  2451 | D:3      | Killed Terence
  2451 | D:3      | Reached XP level 5. HP: 29/33 MP: 4/8
  2613 | D:3      | Found a sparkling altar of Nemelex Xobeh.
  3040 | D:4      | Reached XP level 6. HP: 29/38 MP: 9/9
  3271 | D:4      | Found a staircase to the Ecumenical Temple.
  3282 | Temple   | Entered the Ecumenical Temple
  3472 | Temple   | Became a worshipper of Cheibriados the Contemplative
  3556 | D:4      | Found a runed translucent door.
  3557 | D:4      | Noticed Crazy Yiuf
  3593 | D:4      | Killed Crazy Yiuf
  3656 | D:4      | Found a white marble altar of Elyvilon.
  3952 | D:5      | Entered Level 5 of the Dungeon
  4160 | D:5      | Reached XP level 7. HP: 23/45 MP: 1/11
  4308 | D:5      | Reached skill level 6 in Unarmed Combat
  4407 | D:5      | Reached * piety under Cheibriados
  4667 | D:5      | Found Jimik's Antique Weapon Boutique.
  4704 | D:5      | Found a burning altar of Makhleb.
  4785 | D:5      | Noticed a blizzard demon
  4788 | D:5      | Noticed a hellwing
  4788 | D:5      | Noticed a neqoxec
  4953 | D:6      | Noticed Grinder
  4970 | D:6      | Killed Grinder
  5102 | D:6      | Reached XP level 8. HP: 50/52 MP: 13/13
  5270 | D:6      | Learned a level 4 spell: Ice Form
  5323 | D:6      | Reached skill level 5 in Transmutations
  5668 | D:7      | Found the +10 Black Knight's horse barding {ponderous,
                  | rPois rN+}
  5719 | D:7      | Got a translucent marble ring
  5888 | D:7      | Reached skill level 7 in Unarmed Combat
  5889 | D:7      | Noticed Menkaure
  5894 | D:7      | Killed Menkaure
  5894 | D:7      | Reached skill level 5 in Fighting
  6124 | D:7      | Found Tyrudu's Distillery.
  6134 | D:7      | Bought a potion of curing for 42 gold pieces
  6134 | D:7      | Bought a potion of lignification for 42 gold pieces
  6134 | D:7      | Bought a potion of flight for 42 gold pieces
  6134 | D:7      | Bought a potion of might for 56 gold pieces
  6134 | D:7      | Bought a potion of invisibility for 112 gold pieces
  6135 | D:7      | Identified the ring "Janes" {rC+ SInv} (You found it on
                  | level 7 of the Dungeon)
  6418 | D:7      | Noticed Prince Ribbit
  6420 | D:7      | Reached ** piety under Cheibriados
  6429 | D:7      | Killed Prince Ribbit
  6513 | D:7      | Reached XP level 9. HP: 57/61 MP: 15/15
  6667 | D:8      | Noticed a hornet
  6677 | D:8      | Slain by a hornet

Illustrated notes

Levels and vault maps discovered:
D:1:      mrwooster_arrival_arrow, layout_loops_ring, minmay_tall_x
D:2:      layout_loops_ring
D:3:      layout_loops_ring, marbit_many_paths, minitemple,
          kennysheep_cross_room, uniq_terence
D:4:      layout_loops_cross, temple_statues, lemuel_statue_altar,
          uniq_crazy_yiuf_cottage
D:5:      layout_basic, makhleb_altar_promises_db, serial_shops, shop,
          first_ration, bh_walls_and_bars
D:6:      layout_rooms, uniq_grinder
D:7:      layout_loops_corners, serial_shops, shop_statue, uniq_prince_ribbit1,
          uniq_menkaure
D:8:      layout_basic, kennysheep_mini, okawaru_ov_weapons_minmay
Temple:   regret_index_temple_generic_petals

Skill      XL: |  1  2  3  4  5  6  7  8 |
---------------+-------------------------+-----
Unarmed Combat | 4 5 6 7 |  7.6
Transmutations | 3 4 5 |  5.4
Fighting       | 2 3 5 |  5.4
Spellcasting   | 3 4 |  4.0
Dodging        | |  2.8

Action                   |  1- 3 |  4- 6 |  7- 9 || total
-------------------------+-------+-------+-------++-------
Melee: Unarmed           |    55 |   109 |   147 ||   311
       Constrict         |    13 |    19 |    18 ||    50
       Tentacles         |     7 |    19 |    27 ||    53
       Punch             |     1 |     2 |     6 ||     9
       Kick              |       |       |     5 ||     5
Throw: Dart              |    10 |       |       ||    10
 Cast: Spider Form       |     1 |     3 |     4 ||     8
       Sticks to Snakes  |       |     1 |    13 ||    14
       Beastly Appendage |       |       |     3 ||     3
       Ice Form          |       |       |     1 ||     1
 Abil: End Transformatio |       |       |     1 ||     1
Evoke: Wand              |       |       |     1 ||     1
  Use: Scroll            |       |    13 |     4 ||    17
 Stab: Sleeping          |     5 |     8 |     3 ||    16
       Distracted        |       |       |     1 ||     1
  Eat: Chunk             |     3 |     8 |     2 ||    13
       Ration            |       |       |     1 ||     1
Armor: Skin              |     4 |       |     6 ||    10
Dodge: Dodged            |    26 |    62 |    62 ||   150
